 Crawl Stoat Soup version 0.22-s0-30-g426fcc6 (webtiles) character file.

1 testxyzzy the Firebug (level 1, -3/11 HPs)
             Began as a Faerie Dragon Fire Elementalist on Dec 26, 2019.
             Slain by an adder (4 damage)
             ... on level 2 of the Dungeon.
             The game lasted 00:01:59 (171 turns).

testxyzzy the Firebug (FDFE)                         Turns: 171, Time: 00:02:00

Health: -3/11      AC:  6    Str:  6    XL:     1   Next: 20%
Magic:  3/3        EV: 14    Int: 18    God:
Gold:   12         SH:  6    Dex: 12    Spells: 3/4 levels left

rFire    . . .     SeeInvis .   (weapon restricted)
rCold    . . .     Gourm    .   (shield restricted)
rNeg     . . .     Faith    .   (armour unavailable)
rPois    .         Spirit   .   (helmet restricted)
rElec    .         Reflect  .   (no cloak)
rCorr    .         Harm     .   (no gloves)
MR       .....                  (no boots)
Stlth    +.........             (no amulet)
HPRegen  0.03/turn              (no ring)
MPRegen  0.08/turn              (no ring)

@: lethally poisoned (-3 -> -9), flying
A: small, unfitting armour, magic attunement, magical scales, able to fly
a: Stop Flying


You were on level 2 of the Dungeon.
You were not hungry.

You visited 1 branch of the dungeon, and saw 2 of its levels.

You collected 12 gold pieces.

Inventory:

Comestibles
 b - 2 bread rations


   Skills:
 + Level 2.1 Dodging
 + Level 1.2 Stealth
 + Level 2.4 Spellcasting
 + Level 1.2 Conjurations
 + Level 3.7 Fire Magic


You had 3 spell levels left.
You knew the following spells:

 Your Spells              Type           Power        Failure   Level  Hunger
a - Flame Tongue          Conj/Fire      ##...        6%          1    None

Your spell library contained the following spells:

 Spells                   Type           Power        Failure   Level  Hunger
 Throw Flame              Conj/Fire      ##....       10%         2    None
 Conjure Flame            Conj/Fire      ##......     19%         3    None
 Inner Flame              Hex/Fire       #.......     24%         3    None
 Sticky Flame             Conj/Fire      ##......     52%         4    None
 Fireball                 Conj/Fire      ##........   86%         5    None


Dungeon Overview and Level Annotations

Branches:
Dungeon (2/15)

Altars:


Innate Abilities, Weirdness & Mutations

You cannot fit into any form of body armour.
Your sparkly wings attract attention. (Stealth-).
You are small and have problems with some larger weapons.
Your spells do not cause hunger; their MP costs are reduced by 1.
Your shimmering scales repel attacks (AC +6, SH +6).
You can fly continuously.


Message History

The adder closely misses you. The adder bites you.
You hit the adder but do no damage.
The adder is severely wounded.
You feel sick. You block the adder's attack.
You hit the adder.
The adder is almost dead.
* * * LOW HITPOINT WARNING * * *
You feel sick. The adder barely misses you.
Casting: Flame Tongue (safe; 6% risk of failure)
Confirm with . or Enter, or press ? or * to list all spells.
You don't know that spell.
The adder bites you but does no damage. The adder bites you but does no damage.
* * * LOW HITPOINT WARNING * * *
You feel sick. The adder bites you.
* * * LOW HITPOINT WARNING * * *
You aren't carrying any potions.
Found a club.
The adder bites you.
You die...

#####.### #..<..
#.# #.#...
######.###########
#............. .
#.####........ ..
#.# ######### #.#
#.# ..
####S####### .#.
#...@......# #.#
#..........#
#..........#
#........)..
#...........
#...........
#...........
#........?..


You could see an adder.

Vanquished Creatures
  A goblin (D:2)
1 creature vanquished.

Notes
Turn   | Place    | Note
-------+----------+-------------------------------------------
     0 | D:1      | testxyzzy the Faerie Dragon Fire Elementalist began the
                  | quest for the Orb.
     0 | D:1      | Reached XP level 1. HP: 11/11 MP: 3/3
   171 | D:2      | Slain by an adder

Vault maps used:
D:1:      lemuel_arrival_broad_hall
D:2:      first_bread, chequers_ecumenical_altar_grove

Action                   || total
-------------------------++-------
Melee: Unarmed           ||    35
 Cast: Flame Tongue      ||     1
Armor: Skin              ||    10
Dodge: Dodged            ||    21
Block: Other             ||     9

Table legend:
 A = Spawn XP
 B = Non-spawn XP
 C = Spawn XP percentage of total XP
 D = Spawn monster count
 E = Non-spawn monster count
 F = Spawn count percentage of total count
 G = Total turns spent on level
                    A         B        C        D         E        F      G
               +---------+---------+-------+---------+---------+-------+---------
         Total |       0 |       2 |   0.0 |       0 |       1 |   0.0 |   171
               +---------+---------+-------+---------+---------+-------+---------
           D:2 |       0 |       2 |   0.0 |       0 |       1 |   0.0 |   135
               +---------+---------+-------+---------+---------+-------+---------
